 Dungeon Crawl Stone Soup version 0.21.1-1-g345015f (webtiles) character file.

15899 Lovchig the Cleaver (level 12, -14/109 HPs)
             Began as a Deep Dwarf Fighter on Apr 25, 2018.
             Was an Elder of Makhleb.
             Demolished by an enormous slime creature (57 damage)
             ... on level 12 of the Dungeon.
             The game lasted 00:28:43 (8252 turns).

Lovchig the Cleaver (Deep Dwarf Fighter)            Turns: 8252, Time: 00:28:44

Health: -14/109    AC: 19    Str: 30    XL:     12   Next: 5%
Magic:  3/3        EV: 10    Int:  9    God:    Makhleb [****..]
Gold:   731        SH: 13    Dex: 14    Spells: 11/11 levels left

rFire    . . .     SeeInvis .   a - +1 war axe
rCold    . . .     Gourm    .   c - +0 shield
rNeg     . . .     Faith    .   A - +0 plate armour
rPois    .         Spirit   .   z - +1 helmet
rElec    .         Reflect  .   (no cloak)
rCorr    .         Harm     .   b - +2 pair of gloves
MR       ++...                  (no boots)
Stlth    ..........             (no amulet)
HPRegen  0.00/turn              m - +2 ring of dexterity
MPRegen  0.08/turn              D - ring of protection from magic

@: mighty, non-regenerating, drained
A: damage resistance, heal wounds, sense surroundings 2, no regeneration
a: Heal Wounds, Minor Destruction, Lesser Servant of Makhleb, Major Destruction,
Renounce Religion


You were on level 12 of the Dungeon.
You worshipped Makhleb.
Makhleb was greatly pleased with you.
You were hungry.

You visited 1 branch of the dungeon, and saw 13 of its levels.

You collected 731 gold pieces.

Inventory:

Hand Weapons
 a - a +1 war axe (weapon)
 s - a +1 mace of holy wrath
Armour
 b - a +2 pair of gloves (worn)
 c - a +0 shield (worn)
 z - a +1 helmet (worn)
 A - a +0 plate armour (worn)
Jewellery
 m - a +2 ring of dexterity (left hand)
 D - a ring of protection from magic (right hand)
Wands
 p - a wand of polymorph (9)
 v - a wand of iceblast (30)
 E - a wand of random effects (25)
Scrolls
 g - 3 scrolls of blinking
 h - 5 scrolls of identify
 l - 3 scrolls of enchant weapon
 n - a scroll of magic mapping
 q - 11 scrolls of remove curse
 t - 8 scrolls of teleportation
 x - a scroll of fear
 y - 6 scrolls of amnesia
 C - 3 scrolls of enchant armour
 F - a scroll of torment {unknown}
Potions
 e - 4 potions of heal wounds
 i - 4 potions of lignification
 j - 3 potions of flight
 k - a potion of invisibility
 o - a potion of berserk rage
 r - 2 potions of agility
 w - 3 potions of cancellation
 B - a potion of mutation {unknown}
Comestibles
 f - 22 rations


   Skills:
 * Level 7.5(7.0) Fighting
 * Level 13.5(12.9) Axes
 * Level 9.1(8.6) Armour
 * Level 7.1(6.6) Dodging
 * Level 9.9(9.4) Shields


You had 11 spell levels left.
You didn't know any spells.

Dungeon Overview and Level Annotations

Branches:
Dungeon (13/15)            Temple (0/1) D:6            Lair (0/6) D:8
    Orc (0/2) D:10
 Vaults: D:13-14

Altars:
Dithmenos
Elyvilon
Hepliaklqana
Kikubaaqudgha
Makhleb
Okawaru
Ru
Trog
Yredelemnul
The Shining One

Shops:
D:5 [[:?   D:9 [?


Innate Abilities, Weirdness & Mutations

You are resistant to damage.
You can heal yourself by infusing magical energy.
You passively map the area around you.
You do not regenerate.


Message History

You block the bullfrog skeleton's attack.
Your plate armour prevents you from hitting the enormous slime creature.
The enormous slime creature is lightly wounded.
You hit the bullfrog skeleton.
You block the bullfrog skeleton's attack.
You slash the enormous slime creature!
The enormous slime creature is lightly wounded.
You hit the bullfrog skeleton.
The bullfrog skeleton barely misses you.
You slash the enormous slime creature!
The enormous slime creature is lightly wounded.
You slash the bullfrog skeleton!
You destroy the bullfrog skeleton!
Makhleb accepts your kill.
You feel better. The enormous slime creature hits you!!!
You slice the enormous slime creature!!
The enormous slime creature is moderately wounded.
The enormous slime creature hits you!!!
Ouch! That really hurt!
You die...

#.#
#.#############.#
#.# #.# #......#
#.# #.# #.######
#.# #.## #.####
#)# #..,* #....##
#.# #.# ##.###.##
#.###.# +* #.##
##.# #.....#
≈###.# #.##
#####@#≈ #.#.##
##... #J#
#....###.... #.#
#.#.....#### #.#*
####.#.## #.# ,
#.#.# #.# ,
#.#.## #.#
###.<..# #J#
#......#### *
#.#........


You could see an enormous slime creature and a slime creature.

Vanquished Creatures
  2 two-headed ogres (D:9)
  A wizard (D:11)
  2 cyclopes
  A manticore (D:11)
  The ghost of azzavlup the Spear-Bearer, a novice DsAK of Lugonu (D:5)
  2 ugly things
  Joseph (D:7)
  3 gargoyles
  A tengu conjurer (D:13)
  2 trolls
  A hornet (D:12)
  2 hippogriffs
  9 yaks
  A vampire (D:11)
  3 wyverns
  2 shadows (D:11)
  Eustachio (D:5)
  A steam dragon (D:9)
  A hungry ghost (D:10)
  Grum (D:9)
  Menkaure (D:7)
  3 wargs (D:8)
  2 water moccasins
  4 ice beasts
  An orc warrior (D:11)
  4 phantoms
  A sky beast (D:11)
  3 ogres
  3 wolves (D:9)
  A necrophage (D:9)
  5 centaurs
  The ghost of darumender the Cudgeler, an amateur DsBe of Trog (D:3)
  A crocodile (D:11)
  2 big kobolds
  4 bullfrogs
  A gnoll sergeant (D:9)
  2 scorpions
  12 killer bees
  18 wights
  5 howler monkeys
  2 bullfrog zombies
  A centaur zombie (D:10)
  4 crimson imps
  3 quasits
  A centaur skeleton (D:6)
  6 orc priests
  8 hounds
  5 jellies
  3 bullfrog skeletons
  6 iguanas
  8 orc wizards
  8 worker ants
  A hound zombie (D:6)
  Robin (D:4)
  A howler monkey skeleton (D:6)
  15 adders
  5 gnolls
  4 shadow imps
  An ooze (D:2)
  A worm (D:5)
  3 adder skeletons
  2 dart slugs
  7 leopard geckos
  44 orcs
  3 giant cockroaches
  16 goblins
  6 hobgoblins
  12 jackals
  16 kobolds
  3 quokkas
  2 ball pythons
  3 bats
  6 frilled lizards
  A giant cockroach zombie (D:5)
  A jackal zombie (D:8)
  A quokka skeleton (D:4)
  3 rats
325 creatures vanquished.

Vanquished Creatures (others)
  A gnoll (D:9)
1 creature vanquished.

Grand Total: 326 creatures vanquished

Notes
Turn   | Place    | Note
-------+----------+-------------------------------------------
     0 | D:1      | Lovchig the Deep Dwarf Fighter began the quest for the Orb.
     0 | D:1      | Reached XP level 1. HP: 20/20 MP: 1/1
   236 | D:1      | Reached XP level 2. HP: 27/27 MP: 2/2
   998 | D:2      | Reached XP level 3. HP: 20/33 MP: 3/3
  1235 | D:2      | Reached skill level 1 in Dodging
  1287 | D:2      | Found an iron altar of Okawaru.
  1331 | D:2      | Reached skill level 3 in Axes
  1608 | D:3      | Reached XP level 4. HP: 15/42 MP: 4/4
  1748 | D:3      | Found a bloodstained altar of Trog.
  1761 | D:3      | HP: 2/42 [orc priest/divine providence (11)]
  1764 | D:3      | Reached XP level 5. HP: 24/49 MP: 5/5
  1874 | D:3      | Noticed an ogre
  1878 | D:3      | HP: 1/49 [ogre/giant club (22)]
  1893 | D:3      | Killed an ogre
  1893 | D:3      | Reached skill level 4 in Axes
  1904 | D:3      | Noticed darumender's ghost (amateur DsBe)
  1925 | D:3      | Killed darumender's ghost
  1925 | D:3      | Reached XP level 6. HP: 18/56 MP: 5/5
  1946 | D:3      | Found an ancient bone altar of Kikubaaqudgha.
  2342 | D:4      | Reached skill level 5 in Axes
  2528 | D:4      | Noticed Robin
  2565 | D:4      | Killed Robin
  2633 | D:4      | Reached XP level 7. HP: 35/62 MP: 6/6
  2718 | D:5      | Entered Level 5 of the Dungeon
  2795 | D:5      | Found Nauket's Armour Shop.
  2797 | D:5      | Found Pachuny's Antique Armour Boutique.
  2867 | D:5      | Found Tuynun's Magic Scroll Shoppe.
  2933 | D:5      | Found Utiamaho's Book Shoppe.
  2934 | D:5      | Noticed Eustachio
  2958 | D:5      | Killed Eustachio
  2958 | D:5      | Reached skill level 6 in Axes
  2958 | D:5      | Reached skill level 5 in Armour
  2958 | D:5      | Reached skill level 5 in Shields
  3126 | D:5      | Found a shadowy altar of Dithmenos.
  3127 | D:5      | Found a sacrificial altar of Ru.
  3236 | D:5      | Noticed azzavlup's ghost (novice DsAK)
  3247 | D:5      | HP: 2/63 [azzavlup's ghost (8)]
  3300 | D:5      | Killed azzavlup's ghost
  3300 | D:5      | Reached skill level 7 in Axes
  3300 | D:5      | Reached XP level 8. HP: 58/72 MP: 3/3
  3610 | D:5      | Found a burning altar of Makhleb.
  3616 | D:5      | Became a worshipper of Makhleb the Destroyer
  3706 | D:6      | Found a staircase to the Ecumenical Temple.
  3750 | D:6      | Reached skill level 8 in Axes
  3870 | D:6      | Gained mutation: You passively map the area around you. [Deep Dwarf growth]
  3870 | D:6      | Reached XP level 9. HP: 29/80 MP: 4/4
  4159 | D:6      | Found a white marble altar of Elyvilon.
  4389 | D:7      | Noticed Joseph
  4399 | D:7      | Reached skill level 5 in Fighting
  4421 | D:7      | Killed Joseph
  4421 | D:7      | Reached skill level 9 in Axes
  4502 | D:7      | Reached * piety under Makhleb
  4651 | D:7      | Found a glowing golden altar of the Shining One.
  4695 | D:7      | Noticed Menkaure
  4701 | D:7      | Killed Menkaure
  4971 | D:8      | Reached skill level 10 in Axes
  4980 | D:8      | Reached skill level 5 in Dodging
  5013 | D:8      | Reached XP level 10. HP: 42/90 MP: 4/4
  5035 | D:8      | Found a staircase to the Lair.
  5546 | D:9      | Found a hazy altar of Hepliaklqana.
  5670 | D:9      | Reached ** piety under Makhleb
  5673 | D:9      | Found a basalt altar of Yredelemnul.
  5690 | D:9      | Noticed a two-headed ogre
  5701 | D:9      | Killed a two-headed ogre
  5701 | D:9      | Reached skill level 11 in Axes
  5736 | D:9      | Found Hutaoss's Antique Armour Emporium.
  5859 | D:9      | Noticed Grum
  5871 | D:9      | Killed Grum
  5939 | D:9      | Found Asumaqi's Magic Scroll Emporium.
  5996 | D:9      | Noticed a two-headed ogre
  6005 | D:9      | Killed a two-headed ogre
  6238 | D:10     | Entered Level 10 of the Dungeon
  6310 | D:10     | Reached skill level 12 in Axes
  6310 | D:10     | Reached XP level 11. HP: 99/99 MP: 3/3
  6385 | D:10     | You fall through a shaft for 3 floors!
  6482 | D:11     | Reached *** piety under Makhleb
  6661 | D:10     | Found a staircase to the Orcish Mines.
  6994 | D:11     | Noticed a red ugly thing
  7013 | D:11     | Killed a red ugly thing
  7139 | D:11     | Noticed a wizard
  7147 | D:11     | Killed a wizard
  7147 | D:11     | Reached skill level 13 in Axes
  7248 | D:11     | Reached **** piety under Makhleb
  7625 | D:12     | Noticed a green ugly thing
  7655 | D:12     | Killed a green ugly thing
  8126 | D:12     | Reached XP level 12. HP: 109/109 MP: 3/3
  8252 | D:12     | Demolished by an enormous slime creature

Skill      XL: |  1  2  3  4  5  6  7  8  9 10 11 |
---------------+----------------------------------+-----
Fighting       | 3 4 5 6 7 |  7.5
Dodging        | 1 2 3 4 5 6 7 |  7.1
Axes           | 3 4 5 7 8 10 12 13 | 13.5
Shields        | 4 5 6 7 8 9 |  9.9
Armour         | 4 5 6 7 9 |  9.1

Action                   |  1- 3 |  4- 6 |  7- 9 | 10-12 || total
-------------------------+-------+-------+-------+-------++-------
Melee: War axe           |   142 |   164 |   372 |   706 ||  1384
 Abil: Heal Wounds       |       |    11 |    13 |     7 ||    31
  Use: Scroll            |    10 |     4 |     4 |     3 ||    21
       Potion            |       |       |       |     1 ||     1
  Eat: Chunk             |     2 |     4 |     9 |    13 ||    28
Armor: Scale mail        |    74 |    70 |    82 |       ||   226
       Plate armour      |       |       |   125 |   392 ||   517
Dodge: Dodged            |    72 |    60 |   137 |   233 ||   502
Block: Shield            |    89 |   106 |   233 |   462 ||   890
